SNL (28 & UNDER)
MONTGOMERY BISCUITS @ KEY WEST BARRACUDAS
08/23/2030
 
TOP OF THE 1ST
Montgomery Biscuits batting - Pitching for Key West Barracudas : RHP Dale Polk
Pitching: RHP Dale Polk
Batting: LHB Marcos Féliz 0-0: Ground out 5-3 (Groundball, 56S)
Batting: LHB Amlak Saitoti 0-0: Ball
1-0: Swinging Strike
1-1: Ground out 4-3 (Groundball, 4)
Batting: LHB Ron Young 0-0: Ball
1-0: Called Strike
1-1: Swinging Strike
1-2: DOUBLE (Flyball, 89D)
Batting: LHB Francisco Romo 0-0: Ball
1-0: Ball
2-0: Called Strike
2-1: Ball
3-1: SINGLE (Line Drive, 89S)
Ron Young to third
Runner from 3rd tries for Home, SAFE, no throw
Batting: SHB Marvin López 0-0: Foul Ball, location: 2F
0-1: Ball
1-1: Swinging Strike
1-2: Foul Ball, location: 2F
1-2: Foul Ball, location: 2F
1-2: Ground out 4-3 (Groundball, 4S)
Top of the 1st over - 1 run, 2 hits, 0 errors, 1 left on base; Montgomery 1 - Key West 0
BOTTOM OF THE 1ST
Key West Barracudas batting - Pitching for Montgomery Biscuits : RHP Cody Nichols
Pitching: RHP Cody Nichols
Batting: RHB Ramiro Javier 0-0: Ball
1-0: Swinging Strike
1-1: Ball
2-1: Foul Ball, location: 2F
2-2: Foul Ball, location: 2F
2-2: Ground out 3-1 (Groundball, 34)
Batting: RHB Paul Bell 0-0: Foul Ball, location: 2F
0-1: Ball
1-1: Ground out 6-3 (Groundball, 6M)
Batting: RHB Rob DeWitt 0-0: Ball
1-0: Fly out, F7 (Flyball, 78S)
Bottom of the 1st over - 0 runs, 0 hits, 0 errors, 0 left on base; Montgomery 1 - Key West 0
TOP OF THE 2ND
Montgomery Biscuits batting - Pitching for Key West Barracudas : RHP Dale Polk
Batting: SHB Lawrence Farley 0-0: Foul Ball, location: 2F
0-1: Called Strike
0-2: Reached on error, E2 (Groundball, 2R)
Batting: RHB Manny Gutiérrez 0-0: Ball
1-0: Foul Ball, location: 2F
1-1: Called Strike
1-2: Strikes out swinging
Batting: RHB Greg Williams 0-0: Called Strike
0-1: Swinging Strike
0-2: Ball
1-2: Foul Ball, location: 2F
1-2: Strikes out swinging
Batting: RHB Jorge Guzmán 0-0: Foul Ball, location: 2F
0-1: Foul Ball, location: 2F
0-2: Strikes out swinging
Top of the 2nd over - 0 runs, 0 hits, 1 error, 1 left on base; Montgomery 1 - Key West 0
BOTTOM OF THE 2ND
Key West Barracudas batting - Pitching for Montgomery Biscuits : RHP Cody Nichols
Batting: RHB Cris Lugo 0-0: Swinging Strike
0-1: Ground out 6-3 (Groundball, 6D)
Batting: SHB Júlio Ayala 0-0: Ball
1-0: Called Strike
1-1: Foul Ball, location: 2F
1-2: Foul Ball, location: 2F
1-2: Foul Ball, location: 2F
1-2: Ball
2-2: Ball
3-2: Fly out, F5 (Popup, 15S)
Batting: LHB Howard White 0-0: Called Strike
0-1: Called Strike
0-2: Ball
1-2: Ball
2-2: Foul Ball, location: 2F
2-2: Ball
3-2: Ground out 4-3 (Groundball, 34)
Bottom of the 2nd over - 0 runs, 0 hits, 0 errors, 0 left on base; Montgomery 1 - Key West 0
TOP OF THE 3RD
Montgomery Biscuits batting - Pitching for Key West Barracudas : RHP Dale Polk
Batting: LHB Marcos Féliz 0-0: Ball
1-0: DOUBLE (Line Drive, 9D)
Batting: LHB Amlak Saitoti 0-0: Called Strike
0-1: Ball
1-1: Called Strike
1-2: Ground out 4-3 (Groundball, 4)
Marcos Féliz to third
Batting: LHB Ron Young 0-0: Called Strike
0-1: Foul Ball, location: 2F
0-2: Strikes out looking
Batting: LHB Francisco Romo 0-0: DOUBLE (Line Drive, 78XD)
Marcos Féliz scores
Batting: SHB Marvin López 0-0: Swinging Strike
0-1: Ball
Wild Pitch!
Francisco Romo to third
1-1: Ball
2-1: Ball
Passed Ball!
Francisco Romo scores
3-1: Swinging Strike
3-2: Base on Balls
Batting: SHB Lawrence Farley 0-0: Ball
1-0: Called Strike
1-1: Foul Ball, location: 2F
1-2: Foul Ball, location: 2F
1-2: Foul Ball, location: 2F
1-2: Fielders Choice at 2nd, 6-4 (Groundball, 6)
Top of the 3rd over - 2 runs, 2 hits, 0 errors, 1 left on base; Montgomery 3 - Key West 0
BOTTOM OF THE 3RD
Key West Barracudas batting - Pitching for Montgomery Biscuits : RHP Cody Nichols
Batting: RHB Anastasio Zartuche 0-0: Swinging Strike
0-1: Ball
1-1: Swinging Strike
1-2: Strikes out looking
Batting: LHB Mauro Díaz 0-0: Ball
1-0: Ball
2-0: Called Strike
2-1: Swinging Strike
2-2: Ball
3-2: Foul Ball, location: 2F
3-2: Ground out 3-1 (Groundball, 3S)
Batting: SHB Eric Pimentel 0-0: Called Strike
0-1: Ball
1-1: Ball
2-1: Ball
3-1: Foul Ball, location: 2F
3-2: Ground out 6-3 (Groundball, 6)
Bottom of the 3rd over - 0 runs, 0 hits, 0 errors, 0 left on base; Montgomery 3 - Key West 0
TOP OF THE 4TH
Montgomery Biscuits batting - Pitching for Key West Barracudas : RHP Dale Polk
Batting: RHB Manny Gutiérrez 0-0: Foul Ball, location: 2F
0-1: Foul Ball, location: 2F
0-2: Ball
1-2: Strikes out swinging
Batting: RHB Greg Williams 0-0: Swinging Strike
0-1: Foul Ball, location: 2F
0-2: Ball
1-2: Strikes out swinging
Batting: RHB Jorge Guzmán 0-0: Ground out 5-3 (Groundball, 56D)
Top of the 4th over - 0 runs, 0 hits, 0 errors, 0 left on base; Montgomery 3 - Key West 0
BOTTOM OF THE 4TH
Key West Barracudas batting - Pitching for Montgomery Biscuits : RHP Cody Nichols
Batting: RHB Ramiro Javier 0-0: Fly out, F8 (Flyball, 8RM)
Batting: RHB Paul Bell 0-0: Ball
1-0: Fly out, F5 (Line Drive, 5)
Batting: RHB Rob DeWitt 0-0: Ground out 6-3 (Groundball, 6)
Bottom of the 4th over - 0 runs, 0 hits, 0 errors, 0 left on base; Montgomery 3 - Key West 0
TOP OF THE 5TH
Montgomery Biscuits batting - Pitching for Key West Barracudas : RHP Dale Polk
Pitching: RHP Mathew Wilcox
Batting: LHB Marcos Féliz 0-0: Ball
1-0: Ball
2-0: Fly out, F9 (Flyball, 89D)
Batting: LHB Amlak Saitoti 0-0: Ball
1-0: Called Strike
1-1: Ball
2-1: Foul Ball, location: 2F
2-2: Ball
3-2: Foul Ball, location: 2F
3-2: SINGLE (Groundball, 34D)
Batting: LHB Ron Young 0-0: Called Strike
0-1: Ball
Amlak Saitoti steals 2nd base
1-1: Called Strike
1-2: Ball
2-2: Fly out, F7 (Flyball, 78M)
Batting: LHB Francisco Romo 0-0: Ball
1-0: Ball
2-0: Ball
3-0: Called Strike
3-1: Base on Balls
Batting: SHB Marvin López 0-0: Called Strike
0-1: Foul Ball, location: 2F
0-2: Ball
1-2: Ball
2-2: Foul Ball, location: 2F
2-2: Strikes out looking
Top of the 5th over - 0 runs, 1 hit, 0 errors, 2 left on base; Montgomery 3 - Key West 0
BOTTOM OF THE 5TH
Key West Barracudas batting - Pitching for Montgomery Biscuits : RHP Cody Nichols
Batting: RHB Cris Lugo 0-0: Called Strike
0-1: Called Strike
0-2: Ball
1-2: Ball
2-2: SINGLE (Line Drive, 6M)
Batting: SHB Júlio Ayala 0-0: Called Strike
Cris Lugo steals 2nd base
0-1: Swinging Strike
0-2: Foul Ball, location: 2F
0-2: Strikes out swinging
Batting: LHB Howard White 0-0: Ball
Cris Lugo steals 3rd base
1-0: Foul Ball, location: 2F
1-1: Ball
2-1: Swinging Strike
2-2: Foul Ball, location: 2F
2-2: Ball
3-2: Base on Balls
Batting: RHB Anastasio Zartuche 0-0: Swinging Strike
0-1: Ball
1-1: Ball
2-1: Foul Ball, location: 2F
2-2: DOUBLE (Line Drive, 78D)
Cris Lugo scores
Howard White to third
Runner from 3rd tries for Home, SAFE, no throw
Batting: LHB Mauro Díaz 0-0: Ball
1-0: Foul Ball, location: 2F
1-1: Ball
2-1: Swinging Strike
2-2: Ball
3-2: SINGLE (Line Drive, 6D)
Anastasio Zartuche to third
Runner from 3rd tries for Home, SAFE, throw made home
Batting: SHB Eric Pimentel 0-0: Ball
1-0: Ball
2-0: Foul Ball, location: 2F
2-1: Called Strike
2-2: Ball
3-2: Base on Balls
Mauro Díaz to second
Batting: RHB Ramiro Javier 0-0: Ball
1-0: Called Strike
1-1: Ball
2-1: Ball
3-1: Fielders Choice at 2nd, 6-4 (Groundball, 56)
Mauro Díaz to third
Now at 2B: Dave Sawyer
Batting: RHB Paul Bell 0-0: Foul Ball, location: 2F
0-1: Fly out, F9 (Flyball, 9S)
Bottom of the 5th over - 3 runs, 3 hits, 0 errors, 2 left on base; Montgomery 3 - Key West 3
TOP OF THE 6TH
Montgomery Biscuits batting - Pitching for Key West Barracudas : RHP Mathew Wilcox
Batting: RHB Dave Sawyer 0-0: Ball
1-0: Swinging Strike
1-1: Ground out 5-3 (Groundball, 56)
Batting: RHB Manny Gutiérrez 0-0: Ball
1-0: Called Strike
1-1: Ball
2-1: Ball
3-1: Foul Ball, location: 2F
3-2: Strikes out looking
Batting: RHB Greg Williams 0-0: Foul Ball, location: 2F
0-1: Ball
1-1: Swinging Strike
1-2: Foul Ball, location: 2F
1-2: Hit by Pitch
Pinch Runner at 1st Marvin Kidd:
Batting: RHB Jorge Guzmán 0-0: Ball
Marvin Kidd steals 2nd base
1-0: Ball
2-0: Called Strike
2-1: Ball
3-1: Base on Balls
Batting: LHB Marcos Féliz 0-0: Ball
1-0: Called Strike
1-1: Foul Ball, location: 2F
1-2: Fly out, F8 (Line Drive, 8RS)
Top of the 6th over - 0 runs, 0 hits, 0 errors, 2 left on base; Montgomery 3 - Key West 3
BOTTOM OF THE 6TH
Key West Barracudas batting - Pitching for Montgomery Biscuits : RHP Cody Nichols
Batting: RHB Rob DeWitt 0-0: Ball
1-0: Foul Ball, location: 2F
1-1: Ball
2-1: Ball
3-1: Foul Ball, location: 2F
3-2: SINGLE (Line Drive, 7)
Batting: RHB Cris Lugo 0-0: Ball
1-0: Ball
2-0: Ball
Pickoff Throw by Catcher to First - Error! E2
Rob DeWitt to second
3-0: Intentional Walk
Pitching: RHP Calvin Snyder
Batting: SHB Júlio Ayala 0-0: SINGLE (Line Drive, 34)
Rob DeWitt to third
Cris Lugo to second
Batting: LHB Howard White 0-0: Called Strike
0-1: Ball
1-1: Grounds into double play, 6-2-3 (Groundball, 6)
Cris Lugo to third
Júlio Ayala to second
Batting: RHB Anastasio Zartuche 0-0: Called Strike
0-1: Ball
1-1: SINGLE (Groundball, 56D)
Cris Lugo scores
Júlio Ayala to third
Runner from 3rd tries for Home, SAFE, throw made home
Batting: LHB Mauro Díaz 0-0: Called Strike
0-1: Ball
1-1: Ball
2-1: Fielders Choice at 2nd, U4 (Groundball, 4M)
Bottom of the 6th over - 2 runs, 3 hits, 1 error, 1 left on base; Montgomery 3 - Key West 5
TOP OF THE 7TH
Montgomery Biscuits batting - Pitching for Key West Barracudas : RHP Mathew Wilcox
Batting: LHB Amlak Saitoti 0-0: Ball
1-0: Fly out, F2 (Popup, 25F)
Batting: LHB Ron Young 0-0: Swinging Strike
0-1: Called Strike
0-2: Ball
1-2: Ground out 4-3 (Groundball, 4)
Batting: LHB Francisco Romo 0-0: Ground out 1-3 (Groundball, P)
Top of the 7th over - 0 runs, 0 hits, 0 errors, 0 left on base; Montgomery 3 - Key West 5
BOTTOM OF THE 7TH
Key West Barracudas batting - Pitching for Montgomery Biscuits : RHP Calvin Snyder
Batting: SHB Eric Pimentel 0-0: Ball
1-0: Called Strike
1-1: Ball
2-1: Ball
3-1: SINGLE (Line Drive, 6M)
Batting: RHB Ramiro Javier 0-0: Ball
1-0: Called Strike
1-1: Bunted foul
1-2: Ball
2-2: Foul Ball, location: 2F
2-2: Ball
3-2: Grounds into double play, 4-6-3 (Groundball, 4)
Batting: RHB Paul Bell 0-0: Called Strike
0-1: SINGLE (Groundball, 34D)
Batting: RHB Rob DeWitt 0-0: Foul Ball, location: 2F
0-1: Ground out 6-3 (Groundball, 56D)
Bottom of the 7th over - 0 runs, 2 hits, 0 errors, 1 left on base; Montgomery 3 - Key West 5
TOP OF THE 8TH
Montgomery Biscuits batting - Pitching for Key West Barracudas : RHP Mathew Wilcox
Pitching: RHP Rafael Ruíz
Batting: SHB Marvin López 0-0: Foul Ball, location: 2F
0-1: Ball
1-1: Ball
2-1: Ball
3-1: Base on Balls
Batting: RHB Dave Sawyer 0-0: Ball
1-0: Foul Ball, location: 2F
1-1: Ball
2-1: Swinging Strike
2-2: Strikes out swinging
Batting: RHB Manny Gutiérrez 0-0: Ball
1-0: Ball
2-0: Called Strike
2-1: Ball
3-1: Base on Balls
Marvin López to second
Pinch Runner at 2nd Gilbert Stegall:
Batting: RHB Marvin Kidd 0-0: Ball
1-0: Ball
2-0: Called Strike
2-1: Ball
3-1: Fielders Choice at 2nd, 6-4 (Groundball, 6M)
Gilbert Stegall to third
Pinch Hitting: RHB Mike Cleveland 0-0: Ball
1-0: Foul Ball, location: 2F
1-1: Foul Ball, location: 2F
1-2: SINGLE (Groundball, 6MD)
Gilbert Stegall scores
Marvin Kidd to second
Runner from 2nd tries for 3rd, SAFE, no throw
Pitching: LHP Luis Rincón
Pinch Hitting: RHB Dave McGuire 0-0: Ball
1-0: Ball
2-0: Called Strike
2-1: Ball
3-1: Called Strike
3-2: Strikes out looking
Top of the 8th over - 1 run, 1 hit, 0 errors, 2 left on base; Montgomery 4 - Key West 5
BOTTOM OF THE 8TH
Key West Barracudas batting - Pitching for Montgomery Biscuits : RHP Calvin Snyder
Now at 1B: Dave McGuire
Now in LF: José Castillo
Now in CF: Gilbert Stegall
Batting: RHB Cris Lugo 0-0: Ball
1-0: Ball
2-0: Ball
3-0: Base on Balls
Batting: SHB Júlio Ayala 0-0: Called Strike
0-1: Ball
1-1: SINGLE (Line Drive, 89S)
Cris Lugo to second
Batting: LHB Howard White 0-0: Called Strike
0-1: Ball
1-1: Ball
2-1: Foul Ball, location: 2F
2-2: Ball
3-2: Ground out 5-3 (Groundball, 56)
Cris Lugo to third
Júlio Ayala to second
Batting: RHB Anastasio Zartuche 0-0: Called Strike
0-1: Ball
1-1: Fly out, F6 (Line Drive, 6)
Batting: LHB Mauro Díaz 0-0: Intentional Walk
Batting: SHB Eric Pimentel 0-0: Ball
1-0: Foul Ball, location: 2F
1-1: Ball
2-1: TRIPLE (Flyball, 7D)
Cris Lugo scores
Júlio Ayala scores
Mauro Díaz scores
Pitching: RHP Ron Simmons
Batting: RHB Ramiro Javier 0-0: Ball
1-0: Called Strike
1-1: DOUBLE (Line Drive, 89D)
Eric Pimentel scores
Batting: RHB Paul Bell 0-0: Intentional Walk
Batting: RHB Rob DeWitt 0-0: Ball
Wild Pitch!
Ramiro Javier to third
Paul Bell to second
1-0: Ground out 5-3 (Groundball, 5)
Bottom of the 8th over - 4 runs, 3 hits, 0 errors, 2 left on base; Montgomery 4 - Key West 9
TOP OF THE 9TH
Montgomery Biscuits batting - Pitching for Key West Barracudas : LHP Luis Rincón
Batting: LHB Amlak Saitoti 0-0: Called Strike
0-1: Foul Ball, location: 2F
0-2: Ground out 3-1 (Groundball, 34S)
Batting: LHB Ron Young 0-0: Ball
1-0: Called Strike
1-1: Fly out, F9 (Flyball, 9S)
Batting: LHB Francisco Romo 0-0: Foul Ball, location: 2F
0-1: Called Strike
0-2: Ball
1-2: Ball
2-2: Strikes out swinging
Top of the 9th over - 0 runs, 0 hits, 0 errors, 0 left on base; Montgomery 4 - Key West 9
Saturday, April 7th, 2018 - OOTP Baseball 18.8 Build 76